 Dungeon Crawl Stone Soup version 0.20.1-1-g8b1a95d (webtiles) character file.

583 Monsterracer the Ruffian (level 7, -4/68 HPs)
             Began as an Ogre Transmuter on Aug 13, 2017.
             Slain by Duvessa
             ... wielding a +0 rapier
              (13 damage)
             ... on level 4 of the Dungeon.
             The game lasted 00:10:34 (3749 turns).

Monsterracer the Ruffian (Ogre Transmuter)          Turns: 3749, Time: 00:10:35

Health: -4/68      AC:  2    Str: 19    XL:     7   Next: 37%
Magic:  5/10       EV: 19    Int: 16    God:
Gold:   122        SH:  0    Dex: 14    Spells: 1/11 levels left

rFire    . . .     SeeInvis .     - Unarmed
rCold    . . .     Gourm    .   (shield currently unavailable)
rNeg     . . .     Faith    .   (armour currently unavailable)
rPois    x         Spirit   .   (helmet currently unavailable)
rElec    .         Reflect  .   (cloak currently unavailable)
rCorr    .         Harm     .   (gloves unavailable)
MR       .....                  (boots unavailable)
Stlth    +.........             (no amulet)
Regen    0.3/turn               e - +4 ring of strength
MPRegen  0.2/turn               (no ring)

@: spider-form (expiring), very slightly contaminated
A: unfitting armour
a: End Transformation


You were on level 4 of the Dungeon.
You were not hungry.
You were a venomous arachnid creature.
You visited 1 branch of the dungeon, and saw 4 of its levels.

You collected 122 gold pieces.

Inventory:

Missiles
 a - 76 arrows
Armour
 b - a +1 robe (melded)
 s - a scarf of repulsion (melded)
Jewellery
 e - a +4 ring of strength (left front leg)
Scrolls
 f - 4 scrolls of remove curse {unknown}
 g - 3 scrolls of recharging {unknown}
 l - 2 scrolls of identify {unknown}
 r - 3 scrolls of teleportation {unknown}
Potions
 h - a potion of invisibility {unknown}
 j - a potion of agility {unknown}
 m - a potion of flight {unknown}
 o - a potion of berserk rage {unknown}
 q - a potion of heal wounds
 t - a potion of lignification {unknown}
Books
 c - a book of Changes

   Spells                             Type                      Level
   a - Beastly Appendage              Transmutation                1
   b - Sticks to Snakes               Transmutation                2
   c - Spider Form                    Transmutation/Poison         3
   d - Ice Form                       Ice/Transmutation            4
   e - Blade Hands                    Transmutation                5
Comestibles
 d - 4 bread rations
 p - 2 meat rations


   Skills:
 + Level 3.8 Fighting
 - Level 1.8 Dodging
 * Level 5.1 Unarmed Combat
 - Level 2.5 Spellcasting
 * Level 4.5 Transmutations
 + Level 1.6 Ice Magic


You had one spell level left.
You knew the following spells:

 Your Spells              Type           Power        Failure   Level  Hunger
a - Beastly Appendage     Tmut           ###...       11%         1    #......
b - Sticks to Snakes      Tmut           ###.....     14%         2    ##.....
c - Spider Form           Tmut/Pois      #.........   45%         3    ###....
d - Ice Form              Ice/Tmut       ##......     69%         4    #####..


Dungeon Overview and Level Annotations

Branches:
Dungeon (4/15)
 Temple: D:4-7

Altars:

Annotations:
D:4 Duvessa; Monsterracer's ghost, novice MiSu


Innate Abilities, Weirdness & Mutations

You are too large for most types of armour.
((You have tough skin. (AC +1)))


Message History

* * * LOW HITPOINT WARNING * * *
Duvessa hits you with a rapier!
* * * LOW HITPOINT WARNING * * *
Huge Dmg: -28%(-19hp) hp: 17%(11hp) Unknown command.
It was a potion of heal wounds.
You feel much better. The hound skeleton bites you.
Duvessa hits you with a rapier!
* * * LOW HITPOINT WARNING * * *
The hound skeleton barely misses you.
Unknown command.
You hit Duvessa.
Duvessa is severely wounded.
Duvessa hits you with a rapier!
* * * LOW HITPOINT WARNING * * *
The hound skeleton closely misses you.
Huge Dmg: -19%(-13hp) hp: 14%(9hp)
You hit Duvessa but do no damage.
Duvessa is severely wounded.
Duvessa hits you with a rapier!
You die...

,,,,,,,,,,**,**,,,*,#....###.#
*
#****,*,*,**,,..***,###.####+##
* # ***,*,*,****#.,,,,*
#.......# #
*,,,*,,,#####.#######.......# #
*,*****##.......##.##.......#
###...,,,.........##.##.......#
......,,,.........+...........#
######***###...Z).##.####<#####
......,,,......es....# *##
######***############# .....#
*,,,,,,,,,* ####.# *,*******,*
.W...# *,* *,* ####.# *,****
*,* ######***,,,,** *,*
......,,,,,*,,***,***
...###,,,,,,*,,,,,,,*


You could see Duvessa (berserk) and a hound skeleton.

Vanquished Creatures
  Sigmund (D:2)
  An ogre (D:4)
  Dowan (D:4)
  3 orc priests (D:3)
  A worker ant (D:4)
  3 gnolls (D:2)
  3 adders
  5 oozes
  2 worms
  3 dart slugs (D:2)
  2 leopard geckos
  6 orcs (D:3)
  A ball python (D:1)
  7 giant cockroaches
  9 goblins
  9 hobgoblins
  2 jackals (D:3)
  3 quokkas
  9 bats
  4 frilled lizards
  5 kobolds (D:2)
  11 rats
91 creatures vanquished.

Notes
Turn   | Place    | Note
-------+----------+-------------------------------------------
     0 | D:1      | Monsterracer the Ogre Transmuter began the quest for the Orb.
     0 | D:1      | Reached XP level 1. HP: 19/19 MP: 3/3
    31 | D:1      | Reached XP level 2. HP: 25/27 MP: 5/5
   242 | D:1      | HP: 11/27 [hobgoblin/club (4)]
   245 | D:1      | Reached skill level 3 in Unarmed Combat
   466 | D:1      | Learned a level 2 spell: Sticks to Snakes
   769 | D:1      | Reached XP level 3. HP: 20/33 MP: 4/6
   788 | D:1      | Learned a level 3 spell: Spider Form
  1693 | D:2      | Reached XP level 4. HP: 35/41 MP: 7/7
  1932 | D:2      | Noticed Sigmund
  1944 | D:2      | Killed Sigmund
  1944 | D:2      | Reached skill level 4 in Unarmed Combat
  1944 | D:2      | Reached XP level 5. HP: 39/52 MP: 5/8
  1944 | D:2      | Reached XP level 6. HP: 45/59 MP: 5/9
  1960 | D:2      | Learned a level 4 spell: Ice Form
  2270 | D:2      | Reached skill level 1 in Ice Magic
  2432 | D:3      | HP: 21/61 [orc priest/divine providence (15)]
  2926 | D:3      | HP: 30/61 [orc (4)]
  3537 | D:4      | Noticed Monsterracer's ghost (novice MiSu)
  3545 | D:4      | HP: 29/61 [ogre/giant spiked club (32)]
  3552 | D:4      | Reached skill level 5 in Unarmed Combat
  3552 | D:4      | Reached XP level 7. HP: 34/68 MP: 7/10
  3732 | D:4      | Noticed Dowan
  3733 | D:4      | Noticed Duvessa
  3744 | D:4      | HP: 30/68 [Duvessa/rapier (6)]
  3745 | D:4      | Killed Dowan
  3746 | D:4      | HP: 11/68 [Duvessa/rapier (15)]
  3749 | D:4      | Slain by Duvessa

Skill      XL: |  1  2  3  4  5  6 |
---------------+-------------------+-----
Transmutations | 2 3 4 |  4.5
Unarmed Combat | 3 4 5 |  5.1
Fighting       | 2 3 |  3.8
Ice Magic      | 1 |  1.6
Dodging        | |  1.8
Spellcasting   | |  2.5

Action                   |  1- 3 |  4- 6 |  7- 9 || total
-------------------------+-------+-------+-------++-------
Melee: Unarmed           |   127 |   195 |    26 ||   348
       Punch             |     2 |     1 |       ||     3
       Kick              |     1 |       |       ||     1
       Headbutt          |     1 |       |       ||     1
 Cast: Beastly Appendage |     4 |       |       ||     4
       Spider Form       |     2 |     8 |     1 ||    11
  Use: Scroll            |       |     4 |       ||     4
       Potion            |       |       |     1 ||     1
 Stab: Sleeping          |     1 |       |       ||     1
  Eat: Chunk             |     3 |     7 |     1 ||    11
Armor: Robe              |    46 |    49 |       ||    95
       Skin              |     1 |       |     2 ||     3
Dodge: Dodged            |   121 |   154 |    32 ||   307
